[Event "GrandPrix_30.05"]
[Site "Chess.com"]
[Date "2020.05.30"]
[Round "1"]
[White "SavelijTartakover"]
[Black "Firegrizzly"]
[Result "1/2-1/2"]
[WhiteElo "2489"]
[BlackElo "2189"]
[TimeControl "600+2"]
[EndTime "8:16:59 PDT"]
[Termination "Game drawn by repetition"]

1. d4 Nf6 2. c4 e6 3. Nf3 d5 4.
Bg5 Nbd7 5. e3 c6 6. Nbd2 h6 7. Bh4 b6 8. Bd3 Bb7 9. O-O Be7 10. Qc2 O-O 11. Rfd1 Rc8 12. Rac1 c5 13. Qb1 cxd4 14. Nxd4 Nc5 15. Bf1 Nfe4 16. Bxe7 Qxe7 17. Nxe4 Nxe4 18. cxd5 Bxd5 19. f3 Nf6 20. Ba6 Bb7 21. Qd3 Nd5 22. Bxb7 Qxb7 23. e4 Nf4 24. Qe3 e5 25. Ne2 Nxe2+ 26.
Qxe2 Rxc1 27. Rxc1 Rd8 28. Qc4 Qd7 29. h3 h5 30. Kh2 Qd2 31. Qc3 Qf4+ 32. Kh1 h4 33. b4 Rd2 34. a3 Kh7 35. Rg1 b5 36. Qc6 Ra2 37. Qxb5 Rxa3 38. Qd7 g6 39. Qg4 Qxg4 40.
hxg4 Kh6 41. Rc1 Kg5 42. Rc7 f6 43. Kh2 Ra4 44. b5 Ra5 45. Rb7 Kf4 46. b6 axb6 47. Rxb6 Kg5 48. Rb8 Ra1 49. Rb6 Rd1 50. Ra6 Rf1 51.
Rb6 Re1 52. Ra6 Rf1 53. Rb6 Re1 54. Ra6 Rf1 1/2-1/2

[Event "GrandPrix_30.05"]
[Site "Chess.com"]
[Date "2020.05.30"]
[Round "1"]
[White "BashirliN"]
[Black "TimofeevAr"]
[Result "0-1"]
[WhiteElo "2179"]
[BlackElo "2642"]
[TimeControl "600+2"]
[EndTime "8:17:00 PDT"]
[Termination "TimofeevAr won by resignation"]

1. e4 d5 2. exd5 Qxd5 3. Nc3 Qd8 4. Nf3 g6 5. Bc4 Bg7 6. O-O Nf6 7. d4 O-O 8. h3 Nbd7 9. Re1 Nb6 10. Bb3 c6 11. Bg5 Nbd5 12. Nxd5 cxd5 13. c3 e6 14. Ne5 Qc7 15. Bf4 Qb6 16. Rb1 Bd7 17.
Bg5 Bc6 18. Qf3 Ne4 19. Be7 Nd2 20. Qf4 Nxb1 21. Bxf8 Rxf8 22. Rxb1 Bb5 23. a4 Bxe5 24.
dxe5 Bd3 25. Rd1 Qxb3 26. Rxd3 Qxb2 27. Kh2 Qc2 28. Rf3 a5 29. h4 Qe4 30. Qf6 Qg4 31.
Rf4 Qh5 32. c4 dxc4 33. Rxc4 Qf5 34. Rc7 h5 35. Rxb7 Qe4 36. Ra7 Qxa4 37. Kg3 Qd4 38. Re7 a4 39. f3 a3 0-1

[Event "GrandPrix_30.05"]
[Site "Chess.com"]
[Date "2020.05.30"]
[Round "1"]
[White "Kiril1965"]
[Black "Jan1401"]
[Result "0-1"]
[WhiteElo "2564"]
[BlackElo "2298"]
[TimeControl "600+2"]
[EndTime "8:17:07 PDT"]
[Termination "Jan1401 won by resignation"]

1. d4 e6 2. Nf3 Nf6 3. Bf4 b6 4. e3 Bb7 5. Be2 c5 6. O-O Be7 7. h3 O-O 8. a4 Nc6 9. c3 d5 10.
Nbd2 Bd6 11. Bg5 h6 12. Bh4 Be7 13. Bd3 Qc7 14. Qe2 Rfe8 15. Rfe1 e5 16. dxe5 Nxe5 17. Nxe5 Qxe5 18. Bb5 Red8 19. Nf3 Qe6 20. Ba6 Bc6 21. Bd3 Bd6 22. Bc2 g5 23. Bg3 Bxg3 24. fxg3 Re8 25. g4 Ne4 26. Rad1 Re7 27. Nd2 Nd6 28. Qd3 f6 29. Qg6+ Rg7 30. Qxh6 Nf7 31. Qh5 Ne5 32. e4 Be8 33. exd5 Qe7 34. d6 Qf8 35. Qh6 Ng6 36. Rxe8 Qxe8 37. Bb3+ Kf8 38. Qh8+ Nxh8 39. Nf3 Rd8 40. Kh1 Rgd7 41. Rf1 Kg7 0-1

[Event "GrandPrix_30.05"]
[Site "Chess.com"]
[Date "2020.05.30"]
[Round "1"]
[White "FCLitras"]
[Black "kotmizer"]
[Result "0-1"]
[WhiteElo "1937"]
[BlackElo "2295"]
[TimeControl "600+2"]
[EndTime "8:17:12 PDT"]
[Termination "kotmizer won by resignation"]

1. d4 Nf6 2. c4 c5 3. d5 e6 4. Nc3 exd5 5. cxd5 d6 6. Nf3 g6 7. g3 Bg7 8. Bg2 O-O 9. O-O Nbd7 10. Bf4 Qe7 11. Re1 a6 12. a4 Ng4 13. a5 Re8 14. Rc1 Nge5 15. Nxe5 Nxe5 16. Na4 Bd7 17.
Nb6 Rad8 18. b4 Bb5 19. bxc5 dxc5 20. Qd2 Bf6 21. Be3 c4 22. Bd4 h5 23. Bxe5 Bxe5 24. Nxc4 Bxc4 25. Rxc4 Qf6 26. f4 Bb8 27. e4 h4 28. e5 Qe7 29. d6 Bxd6 30. Qc3 Bb8 31. e6 fxe6 32. Rb1 hxg3 33. Qxg3 Qf6 34. Bxb7 Re7 35.
Be4 Bxf4 36. Qxg6+ Rg7 0-1

[Event "GrandPrix_30.05"]
[Site "Chess.com"]
[Date "2020.05.30"]
[Round "1"]
[White "Msb2"]
[Black "ZEN-22"]
[Result "1-0"]
[WhiteElo "2647"]
[BlackElo "2177"]
[TimeControl "600+2"]
[EndTime "8:17:21 PDT"]
[Termination "Msb2 won by resignation"]

1. d4 Nf6 2. c4 d6 3. Nf3 g6 4.
Nc3 Bf5 5. d5 c5 6. Nh4 Bd7 7.
e4 e5 8. g3 Bg7 9. Be2 O-O 10. O-O Na6 11. Be3 Nc7 12. a4 Rb8 13. Ng2 h5 14. Bg5 Qe8 15. Qd2 Nh7 16. Bh6 b6 17. b3 a6 18. Bxg7 Kxg7 19. f4 f5 20. Rae1 exf4 21. Nxf4 Qe5 22. exf5 Bxf5 23. Bxh5 Qd4+ 24. Qxd4+ cxd4 25. Re7+ Rf7 26. Rxf7+ Kxf7 27. Nxg6 dxc3 28. Rxf5+ Kg7 29. Nf4 Nf6 30. Bd1 b5 31. axb5 axb5 32. c5 Ra8 33. cxd6 Nce8 34. Ne6+ Kg6 35. Bc2 Ra1+ 36. Rf1+ Kf7 37. Rxa1 Nxd6 38.
Nf4 Ng4 39. Re1 b4 40. h3 Nf6 41. Bd3 Nb7 42. Kf2 Nc5 43. Bc2 Nb7 44. Kf3 Nd6 45.
Bd3 Nd7 46. Bc2 Nc5 47. Nd3 Na6 48. Ra1 Nc7 49. Nxb4 Ndb5 50. Ke3 Kf6 51. Kd3 Ne8 52. Ra6+ Ned6 53. Rxd6+ Nxd6 54. Kxc3 1-0

[Event "GrandPrix_30.05"]
[Site "Chess.com"]
[Date "2020.05.30"]
[Round "1"]
[White "Pash2015"]
[Black "DinaBelenkaya"]
[Result "0-1"]
[WhiteElo "2226"]
[BlackElo "1625"]
[TimeControl "600+2"]
[EndTime "8:17:21 PDT"]
[Termination "DinaBelenkaya won by resignation"]

1. e4 d5 2. exd5 Qxd5 3. d4 Nc6 4.
Nf3 Bg4 5. Be2 O-O-O 6. c3 e5 7. Be3 f5 8. O-O e4 9. Nfd2 Bxe2 10. Qxe2 Qf7 11. Bg5 Nf6 12. f3 Qh5 13. Bf4 g5 14. Be5 Nxe5 15. dxe5 Nd5 16. b4 Bg7 17. g4 Qh4 18.
fxe4 Nf4 19. Qf3 fxg4 20. Qe3 Rd3 21. Qxa7 Rg3+ 22. Kh1 Rg2 23. Nf3 gxf3 24. Qa8+ Kd7 25. Rd1+ Ke7 0-1

[Event "GrandPrix_30.05"]
[Site "Chess.com"]
[Date "2020.05.30"]
[Round "1"]
[White "VojtechPlat"]
[Black "LorisinoC"]
[Result "0-1"]
[WhiteElo "2265"]
[BlackElo "2102"]
[TimeControl "600+2"]
[EndTime "8:17:22 PDT"]
[Termination "LorisinoC won by resignation"]

1. e4 e5 2. Nf3 Nc6 3. Bb5 a6 4. Ba4 Nf6 5. d4 exd4 6. O-O Be7 7. Re1 b5 8. e5 Nxe5 9. Nxe5 bxa4 10. Qxd4 a5 11.
Nc3 O-O 12. Bg5 h6 13. Bh4 Ra6 14. Qxa4 g5 15. Bg3 Bb4 16. Nd3 Bxc3 17. bxc3 Bb7 18. Nc5 Bc6 19. Qd4 Rb6 20. h4 d6 21. Nd3 Nh5 22. Qg4 Nf6 23. Qd4 Nh5 24. c4 Nxg3 25.
fxg3 Kh7 26. Rf1 f5 27. Rae1 Rb8 28. Re2 Be4 29. Nf2 Bc6 30. Rfe1 Rf7 31. Nh3 gxh4 32.
Qf4 hxg3 33. Re6 Qf8 34. Qh4 Qg7 35. Qh5 a4 36. Ng5+ Kg8 37. Nxf7 Qd4+ 38. R6e3 Qxe3+ 0-1

[Event "GrandPrix_30.05"]
[Site "Chess.com"]
[Date "2020.05.30"]
[Round "1"]
[White "DrVelja"]
[Black "Bosiocic"]
[Result "1-0"]
[WhiteElo "2253"]
[BlackElo "2689"]
[TimeControl "600+2"]
[EndTime "8:17:47 PDT"]
[Termination "DrVelja won by resignation"]

1. e4 d6 2. d4 Nf6 3. Nc3 e5 4. Nf3 Nbd7 5. g4 Nxg4 6. Rg1 Ngf6 7. Be3 c6 8. Qd2 Qa5 9. O-O-O b5 10. dxe5 dxe5 11.
Kb1 b4 12. Na4 Qxa4 13. Nxe5 Qa5 14. Nxc6 Qc7 15. e5 Ne4 16. Qd5 Bb7 17. Bc4 Bxc6 18. Qxf7+ Kd8 19. e6 Nd6 20. Bg5+ Kc8 21. Ba6+ Kb8 22. e7 Bxe7 23. Qxe7 Ne4 24. Rxd7 1-0

[Event "GrandPrix_30.05"]
[Site "Chess.com"]
[Date "2020.05.30"]
[Round "1"]
[White "econpower"]
[Black "Zubrrr"]
[Result "0-1"]
[WhiteElo "2158"]
[BlackElo "2573"]
[TimeControl "600+2"]
[EndTime "8:17:48 PDT"]
[Termination "Zubrrr won by resignation"]

1. c4 f5 2. g3 Nf6 3. Bg2 g6 4. Nc3 Bg7 5. e3 e5 6. Nge2 O-O 7. O-O c6 8. d3 d6 9. Rb1 Be6 10. b4 d5 11. cxd5 cxd5 12. f4 e4 13. Nd4 Bf7 14. h3 h5 15. a4 Re8 16. Re1 a6 17. Kh2 Nbd7 18. Bf1 Rc8 19. Bd2 exd3 20. Bxd3 Ne4 21. Nce2 h4 22. g4 Nf2 23. Qb3 fxg4 24. Rf1 g3+ 25.
Kg2 Nxd3 26. Qxd3 Nf6 27. b5 Ne4 28. bxa6 bxa6 29. a5 Qe7 30. Bb4 Qd7 31. Be1 Nc5 32. Qa3 Qe7 33. Rf3 Ne6 34. Bb4 Qd7 35. Bc3 Nxd4 36.
Nxd4 Bxd4 37. Bxd4 Rc2+ 0-1

[Event "GrandPrix_30.05"]
[Site "Chess.com"]
[Date "2020.05.30"]
[Round "1"]
[White "igorkovalenko"]
[Black "tianachess"]
[Result "1-0"]
[WhiteElo "2342"]
[BlackElo "2011"]
[TimeControl "600+2"]
[EndTime "8:18:04 PDT"]
[Termination "igorkovalenko won by resignation"]

1. d4 Nf6 2. Nf3 c5 3. d5 b5 4.
Bg5 Qb6 5. Bxf6 Qxf6 6. e4 Qb6 7. a4 bxa4 8. Nc3 g6 9. Nxa4 Qb4+ 10. Nd2 d6 11. c3 Qb7 12. Qb3 Bh6 13. Qxb7 Bxb7 14. Bb5+ Kd8 15. Nb3 Kc7 16. Na5 Ba6 17. Bxa6 Nxa6 18.
O-O e6 19. Rfd1 Rhe8 20. dxe6 Rxe6 21. f3 Nb8 22. Nc4 Nd7 23. Rd5 Bf8 24. Kf2 Rb8 25.
Ra2 Nb6 26. Naxb6 axb6 27. Rd1 b5 28. Ne3 Kb7 29. Rda1 Kc8 30. Nd5 f5 31. exf5 gxf5 32. Ra7 Rb7 33. Ra8+ Rb8 34. R1a7 Rxa8 35. Rxa8+ Kb7 36.
Rxf8 1-0

[Event "GrandPrix_30.05"]
[Site "Chess.com"]
[Date "2020.05.30"]
[Round "1"]
[White "rusuvlad95"]
[Black "Gareth-Bale11"]
[Result "0-1"]
[WhiteElo "2102"]
[BlackElo "2435"]
[TimeControl "600+2"]
[EndTime "8:18:20 PDT"]
[Termination "Gareth-Bale11 won by resignation"]

1. e4 c5 2. Nf3 d6 3. d4 cxd4 4. Nxd4 Nf6 5. Nc3 a6 6. Be2 e5 7. Nb3 Be6 8. Be3 Nbd7 9. O-O Be7 10. f4 Qc7 11. f5 Bc4 12. g4 h6 13. a3 Rd8 14. Rf2 b5 15. Nd2 d5 16. Nxc4 dxc4 17. Qf1 Bc5 18. Bxc5 Nxc5 19. Bf3 Rd4 20. Re1 Qe7 21.
Qg2 Nh7 22. Nd5 Qh4 23. Qg3 Qxg3+ 24. hxg3 Ng5 25. Kg2 f6 26. c3 Nd3 27. Ref1 Nxf2 28.
cxd4 Nd3 29. dxe5 Nxe5 30. Bd1 Nxe4 31. Nc7+ Kf7 32. Nxa6 Rd8 33. Nb4 Rd2+ 34. Kh3 Ng5+ 0-1

[Event "GrandPrix_30.05"]
[Site "Chess.com"]
[Date "2020.05.30"]
[Round "1"]
[White "Gurvich_Vitaly"]
[Black "Poghosyan_Suren"]
[Result "0-1"]
[WhiteElo "2333"]
[BlackElo "2137"]
[TimeControl "600+2"]
[EndTime "8:18:27 PDT"]
[Termination "Poghosyan_Suren won by resignation"]

1. e4 e6 2. d4 d5 3. Nd2 Be7 4. Bd3 c5 5. dxc5 Nf6 6. Ngf3 dxe4 7. Nxe4 Nxe4 8. Bxe4 Qxd1+ 9. Kxd1 Bxc5 10. Ke2 Nd7 11.
Be3 Bxe3 12. Kxe3 Nc5 13. Rhd1 f6 14. Nd4 Nxe4 15. Kxe4 Bd7 16. c4 Ke7 17. f4 Rac8 18.
b3 h5 19. Rd2 a6 20. a4 Rc5 21.
Rad1 h4 22. h3 g5 23. fxg5 Rxg5 24. Nf3 Bc6+ 25. Ke3 Rg3 26. Kd4 Bxf3 27. gxf3 Rd8+ 28. Kc5 Rxd2 29. Rxd2 Rxf3 30. b4 Rxh3 31. Kb6 Rb3 32. b5 axb5 33. axb5 Rc3 34. c5 e5 35. Ra2 Ke6 36. Ra7 Kd5 37. Ra8 h3 38. Rh8 f5 39.
Rh7 Rxc5 40. Rxh3 f4 41. Rh7 Kc4 0-1

[Event "GrandPrix_30.05"]
[Site "Chess.com"]
[Date "2020.05.30"]
[Round "1"]
[White "Mikhail_Golubev"]
[Black "hubertsmazak"]
[Result "1/2-1/2"]
[WhiteElo "2033"]
[BlackElo "2285"]
[TimeControl "600+2"]
[EndTime "8:18:43 PDT"]
[Termination "Game drawn - insufficient material"]

1. e4 e5 2. Nf3 Nc6 3. Nc3 Nf6 4.
d4 exd4 5. Nxd4 Bb4 6. Nxc6 bxc6 7. Bd3 d5 8. Bd2 O-O 9. O-O Bxc3 10. Bxc3 Nxe4 11.
Bxe4 dxe4 12. Qe2 Be6 13. Qxe4 Qg5 14. Qe5 Qxe5 15. Bxe5 Rac8 16. Rad1 f6 17. Bf4 Kf7 18. Rd4 Rb8 19. b3 Rfd8 20. Rfd1 Rxd4 21. Rxd4 c5 22.
Ra4 Rb4 23. Rxb4 cxb4 24. Bxc7 Bf5 25. Ba5 Bxc2 26. Bxb4 Bb1 27. a3 Bc2 28. Bc5 a6 29. b4 Ke6 30. f3 Kd5 31. Bf8 g6 32. Kf2 h5 33. Ke3 Kc4 34. Be7 Kb3 35. Bxf6 Kxa3 36. Be7 Ka4 37. Kd2 Bb1 38. g4 hxg4 39. fxg4 a5 40.
bxa5 Kxa5 41. h4 Kb5 42. h5 gxh5 43. gxh5 Kc6 44. h6 Kd7 45. h7 Bxh7 1/2-1/2

[Event "GrandPrix_30.05"]
[Site "Chess.com"]
[Date "2020.05.30"]
[Round "1"]
[White "iceboy88"]
[Black "kostasam18"]
[Result "0-1"]
[WhiteElo "2331"]
[BlackElo "2091"]
[TimeControl "600+2"]
[EndTime "8:18:45 PDT"]
[Termination "kostasam18 won by resignation"]

1. Nf3 Nf6 2. c4 e6 3. g3 d5 4. Bg2 Be7 5. O-O O-O 6. b3 d4 7.
Bb2 c5 8. b4 Nc6 9. b5 Na5 10. d3 Bd6 11. e3 e5 12. exd4 exd4 13. Nbd2 Bf5 14. Qc2 h6 15. Rae1 Re8 16. Rxe8+ Qxe8 17. Re1 Qf8 18. Nxd4 cxd4 19. Bxd4 Re8 20. Rxe8 Qxe8 21. Nf1 b6 22. Ne3 Bc8 23. Bxf6 gxf6 24. Be4 Qe5 25. Qd1 f5 26. Bd5 f4 27. d4 Qg5 28.
Ng2 fxg3 29. hxg3 Be6 30. Bxe6 fxe6 31. Ne3 Bxg3 32. Qf3 Be5+ 33. Kf1 Bxd4 34. Qa8+ Kf7 35. Qxa7+ Qe7 36. Qb8 Bxe3 37. fxe3 Nxc4 38. Ke2 Qd6 39. Qb7+ Ke8 40. Qe4 Qd2+ 41. Kf3 Qxe3+ 42. Qxe3 Nxe3 43. Kxe3 Kd7 0-1

[Event "GrandPrix_30.05"]
[Site "Chess.com"]
[Date "2020.05.30"]
[Round "1"]
[White "GMMarcinDziuba"]
[Black "hypert"]
[Result "1-0"]
[WhiteElo "2538"]
[BlackElo "2144"]
[TimeControl "600+2"]
[EndTime "8:18:55 PDT"]
[Termination "GMMarcinDziuba won by resignation"]

1. Nf3 d5 2. g3 g6 3. c4 d4 4.
Bg2 Bg7 5. O-O e5 6. d3 Ne7 7. b4 O-O 8. Nbd2 a5 9. b5 c5 10. bxc6 Nexc6 11. Ba3 Re8 12. Ne4 Nb4 13. Ne1 N8c6 14. Nc2 f5 15. Nd2 Bf8 16. Nxb4 axb4 17.
Bb2 Be6 18. Nb3 Qc7 19. Qc2 Ra6 20. e3 dxe3 21. fxe3 Bg7 22. d4 Bf7 23. d5 Na5 24. c5 Nxb3 25. axb3 Bf8 26. Rxa6 bxa6 27. Rc1 Rc8 28. d6 Bxd6 29. cxd6 Qxc2 30. Rxc2 Rxc2 31. d7 Rxb2 32. d8=Q+ Kg7 33. Qe7 Rb1+ 34. Bf1 e4 35.
Qxb4 Rxb3 36. Qd4+ Kg8 37. Bxa6 Rb1+ 38. Kg2 Rb8 39. h4 h5 40. Bc4 Rf8 41. Kf2 Bxc4 42. Qxc4+ Kg7 43. Ke2 Kh6 44. Qc7 Ra8 45. Kd2 Ra3 46.
Qf4+ Kh7 47. Qe5 Rd3+ 48. Ke2 Rd7 49. Qe6 Rb7 50. Kd2 Rc7 51. Qd6 Ra7 52. Kc3 Rb7 53. Kd4 Ra7 54. Ke5 Rf7 55. Kf4 Kg7 56. Kg5 f4 57. Qxg6+ 1-0

[Event "GrandPrix_30.05"]
[Site "Chess.com"]
[Date "2020.05.30"]
[Round "1"]
[White "Dolphin_2010"]
[Black "Herracek"]
[Result "0-1"]
[WhiteElo "2065"]
[BlackElo "2412"]
[TimeControl "600+2"]
[EndTime "8:18:55 PDT"]
[Termination "Herracek won by checkmate"]

1. e4 c5 2. Nf3 Nc6 3. Bb5 g6 4. Bxc6 dxc6 5. O-O Bg7 6. d3 Nf6 7. Nc3 O-O 8. Be3 b6 9. a4 Qc7 10. a5 Bg4 11. h3 Bxf3 12. Qxf3 Nd7 13. Qe2 b5 14. f4 a6 15. e5 f5 16. e6 Nf6 17.
Bxc5 Nh5 18. Qe3 Rad8 19. Kh1 Rc8 20. Ra2 Bxc3 21. bxc3 g5 22. g3 Rf6 23. Bd4 Rg6 24. Kh2 Qd6 25. Qe5 gxf4 26. Qxf5 Rf8 27. Qxh5 fxg3+ 28. Kg1 Rxf1+ 29. Kxf1 Qf4+ 30. Kg2 Qd2+ 31. Kg1 Qh2+ 32. Kf1 g2+ 33. Ke2 g1=Q+ 34. Kf3 Qd1+ 35.
Ke4 Qxh5 36. Bf6 Qd5+ 37. Ke3 Rg3+ 38. Kf4 Qf2# 0-1

[Event "GrandPrix_30.05"]
[Site "Chess.com"]
[Date "2020.05.30"]
[Round "1"]
[White "Kildepiotr"]
[Black "Bulldog167"]
[Result "0-1"]
[WhiteElo "2066"]
[BlackElo "2410"]
[TimeControl "600+2"]
[EndTime "8:19:09 PDT"]
[Termination "Bulldog167 won by resignation"]

1. Nf3 d5 2. g3 g6 3. Bg2 Bg7 4. O-O e5 5. d3 Ne7 6. Nbd2 O-O 7. e4 d4 8. Nc4 f6 9. a4 Be6 10. Ne1 Nd7 11. f4 Nb6 12. Na5 Rb8 13. Nf3 h6 14. f5 gxf5 15. Nh4 fxe4 16. Bxe4 f5 17. Bxb7 Nbd5 18. Nc6 Nxc6 19. Bxc6 Qd6 20. Bxd5 Qxd5 21. Qh5 f4 22. Ng6 Rf7 23. gxf4 Bc8 24. Qf3 Qd6 25. Qg3 Bb7 26. Nxe5 Rf5 27. h3 Kh7 28.
Kh2 Bxe5 29. fxe5 Rxf1 30. Bxh6 Qxh6 31. Rxf1 Rg8 32. Qf2 Rg2+ 33. Qxg2 Bxg2 34. Kxg2 Qc6+ 35. Kg3 Qxc2 36. Rf3 Kg6 37. b4 Qxa4 38. Kf4 Qxb4 39. Ke4 Qb7+ 40. Kf4 a5 41. Rg3+ Kf7 42. Kf5 Qc8+ 43.
Ke4 a4 44. Rf3+ Ke7 45. Kxd4 a3 46. Rf1 Qb7 47. Kc4 a2 0-1

[Event "GrandPrix_30.05"]
[Site "Chess.com"]
[Date "2020.05.30"]
[Round "1"]
[White "ENajer77"]
[Black "cassoulet"]
[Result "0-1"]
[WhiteElo "2263"]
[BlackElo "2124"]
[TimeControl "600+2"]
[EndTime "8:19:16 PDT"]
[Termination "cassoulet won on time"]

1. e4 c5 2. Nf3 Nc6 3. Bb5 g6 4. O-O Bg7 5. c3 Nf6 6. Qa4 O-O 7. d4 cxd4 8. cxd4 a6 9. d5 Na7 10.
Bd3 d6 11. Nc3 Bd7 12. Qb3 b5 13. Re1 Ng4 14. h3 Ne5 15. Nxe5 Bxe5 16. Bh6 Re8 17. Rad1 Rb8 18. f4 Bh8 19. e5 b4 20. Nb1 Qa5 21.
Qc4 Bb5 22. Qe4 Bxd3 23. Rxd3 Nb5 24. Nd2 Qxa2 25. Nc4 dxe5 26. fxe5 Rbc8 27. b3 Nc3 28. Qf4 Qxb3 29. Rf3 f5 30. Qxf5 gxf5 31. Rg3+ Bg7 32. Rxg7+ Kh8 33. Rg5 Rg8 0-1

[Event "GrandPrix_30.05"]
[Site "Chess.com"]
[Date "2020.05.30"]
[Round "1"]
[White "BairaKovanova"]
[Black "grunbergmihai"]
[Result "1-0"]
[WhiteElo "2181"]
[BlackElo "2298"]
[TimeControl "600+2"]
[EndTime "8:19:18 PDT"]
[Termination "BairaKovanova won by resignation"]

1. e4 Nf6 2. e5 Nd5 3. d4 d6 4.
Nf3 dxe5 5. dxe5 Bg4 6. Be2 Nc6 7. h3 Bh5 8. O-O e6 9. Re1 Be7 10. Nbd2 O-O 11. Nf1 Ndb4 12. Bd2 Bg6 13. Ne3 Bc5 14. Bxb4 Nxb4 15. a3 Bxe3 16. axb4 Bb6 17. c4 c6 18. Qb3 Qe7 19. c5 Bc7 20. Bd3 Bxd3 21. Qxd3 Rfd8 22.
Qc2 Rd5 23. Qc3 a6 24. Nd2 Rad8 25. Nc4 Rd3 26. Qc2 R3d4 27. Re4 Rxe4 28. Qxe4 f6 29. Nd6 fxe5 30. Nxb7 Rd4 31. Qxc6 Rxb4 32. Nd6 Rxb2 33. Rxa6 Rb1+ 34. Kh2 e4 35. Qxe4 g6 36. Qxb1 1-0

[Event "GrandPrix_30.05"]
[Site "Chess.com"]
[Date "2020.05.30"]
[Round "1"]
[White "RitvarsReimanis"]
[Black "Nikame"]
[Result "1-0"]
[WhiteElo "2098"]
[BlackElo "2270"]
[TimeControl "600+2"]
[EndTime "8:19:23 PDT"]
[Termination "RitvarsReimanis won by resignation"]

1. d4 Nf6 2. Nf3 e6 3. c4 a6 4. Qb3 c5 5. e3 d5 6. cxd5 exd5 7.
dxc5 Nc6 8. Be2 Bxc5 9. O-O O-O 10. Rd1 Qe7 11. Nc3 Be6 12. Nd4 Bg4 13. Bxg4 Nxg4 14.
h3 Nf6 15. Nxd5 Nxd5 16. Nf5 Qe6 17. Rxd5 b6 18. Bd2 Rad8 19. Rxd8 Rxd8 20. Qxe6 fxe6 21. Nd4 Nxd4 22. exd4 Bxd4 23. Bc3 Bxc3 24. bxc3 Rc8 25.
Rb1 b5 26. Rb3 Rc4 27. Ra3 Rc6 28. Kf1 Kf7 29. Ke2 Kf6 30. Kd3 Ke5 31. Ra5 Rd6+ 32.
Ke3 Kd5 33. a4 Kc4 34. axb5 axb5 35. Ra7 Rd3+ 36. Ke4 Rxc3 37. Rxg7 b4 38. Rxh7 Rc2 39. Ke3 Rc3+ 40. Kd2 Ra3 41. Rc7+ Kb3 42. h4 Ra2+ 43. Ke3 Ra1 44. h5 Re1+ 45. Kf4 e5+ 46. Kg5 e4 47. h6 Rg1 48. g4 Ka3 49. Ra7+ Kb2 50. h7 Rh1 51. Kg6 b3 52. Ra8 e3 53. fxe3 1-0

[Event "GrandPrix_30.05"]
[Site "Chess.com"]
[Date "2020.05.30"]
[Round "1"]
[White "Glek_Igor"]
[Black "WildBizon"]
[Result "1-0"]
[WhiteElo "2463"]
[BlackElo "2111"]
[TimeControl "600+2"]
[EndTime "8:19:39 PDT"]
[Termination "Glek_Igor won by resignation"]

1. e4 c5 2. Nf3 Nc6 3. Bb5 g6 4.
O-O Bg7 5. Re1 e5 6. Bxc6 dxc6 7. d3 Qe7 8. a3 Nf6 9. b4 O-O 10. bxc5 Nd7 11. a4 Nxc5 12. Ba3 b6 13. Nbd2 Be6 14. Nb3 Bxb3 15. cxb3 Rfd8 16. Rc1 Bf8 17. Bxc5 bxc5 18. Rc3 Rab8 19. Qc2 f6 20. Nd2 Rd4 21. Nc4 Qd7 22. h3 Rd8 23. Nb2 Qd6 24. a5 Qc7 25. Ra1 Be7 26. a6 Qb6 27. Nc4 Qb5 28. Ra5 Qb4 29.
Ra4 Qb5 30. g3 Kg7 31. Kg2 R8d7 32. Ra1 Rd8 33. h4 h5 34. f4 exf4 35. gxf4 Qb8 36.
Rf1 Qc8 37. Qe2 Qxa6 38. f5 Qc8 39. Ne3 c4 40. bxc4 Bb4 41. Rb3 a5 42. fxg6 Kxg6 43.
Nf5 R4d7 44. d4 Rh8 45. e5 Qe8 46. e6 Rb7 47. Qe4 Rg8 48. Rg3+ Kh7 49. Ne7+ 1-0

[Event "GrandPrix_30.05"]
[Site "Chess.com"]
[Date "2020.05.30"]
[Round "1"]
[White "woodhy"]
[Black "Lukianoo"]
[Result "0-1"]
[WhiteElo "2142"]
[BlackElo "2538"]
[TimeControl "600+2"]
[EndTime "8:19:40 PDT"]
[Termination "Lukianoo won by resignation"]

1. e4 c6 2. d4 d5 3. Nc3 g6 4. Nf3 Bg7 5. Bf4 dxe4 6. Nxe4 Nd7 7. Bc4 Ngf6 8. Ng3 Nd5 9. Bg5 h6 10. Bd2 O-O 11. O-O h5 12. Re1 N7b6 13. Bb3 Bg4 14.
c3 e6 15. h3 Bxf3 16. Qxf3 a5 17. Ne4 a4 18. Bc2 Nc4 19. Bg5 Qc7 20. b3 axb3 21.
axb3 Ncb6 22. Ng3 Nd7 23. Ne4 c5 24. dxc5 Rxa1 25. Rxa1 f5 26. Nd6 Nxc3 27. Re1 Nxc5 28. Bf4 Nd5 29. Bh2 Qa5 30. Rd1 Qa2 31. Bb1 Qxb3 32.
Qxb3 Nxb3 33. Nxb7 Nc3 34. Re1 Nd4 35. Nc5 e5 36.
Bd3 e4 37. Bc4+ Kh7 38. Ne6 Nxe6 39. Bxe6 Nb5 40. g4 Nd4 41. gxf5 gxf5 42. Bxf5+ Rxf5 43. Rxe4 Nf3+ 44. Kg2 Nxh2 45. Kxh2 Rxf2+ 46. Kg3 Rf5 47. Rc4 Kg6 48. Rc6+ Bf6 49. Rc4 Ra5 50. Rb4 Ra3+ 51.
Kg2 Kf5 52. Rb5+ Be5 53. Rb4 Rg3+ 54. Kf2 Rxh3 55. Rb1 Rg3 56. Rb5 h4 57. Ra5 Rg7 58. Ra4 h3 59. Kf3 Rh7 60. Ra5 h2 61. Ra1 h1=Q+ 0-1

[Event "GrandPrix_30.05"]
[Site "Chess.com"]
[Date "2020.05.30"]
[Round "1"]
[White "Bengalas"]
[Black "Spartakus1975"]
[Result "0-1"]
[WhiteElo "2167"]
[BlackElo "2622"]
[TimeControl "600+2"]
[EndTime "8:19:58 PDT"]
[Termination "Spartakus1975 won by resignation"]

1. d4 d5 2. c4 c6 3. Nf3 Nf6 4. e3 Bf5 5. Nc3 e6 6. Nh4 Be4 7. f3 Bg6 8. Nxg6 hxg6 9. Bd3 Bd6 10. f4 dxc4 11. Bxc4 c5 12. d5 e5 13. O-O a6 14. a4 Nbd7 15. Qf3 Qe7 16. Bd2 Kf8 17. a5 Re8 18. Rfe1 Qd8 19. Na4 g5 20. g3 gxf4 21.
exf4 Qc7 22. Nc3 exf4 23. Rxe8+ Nxe8 24. gxf4 Nef6 25. Ne2 Kg8 26. Be1 Nf8 27. Bg3 Ng6 28.
Qf2 Qd7 29. b3 Qg4 30. Rf1 Nh4 31. Bd3 Nxd5 32. Be4 Rh5 33. Kh1 Nf6 34. Bxb7 Qd7 35. Bf3 Nxf3 36. Qxf3 Rd5 37. Bh4 Be7 38. Rg1 Rd3 39.
Qa8+ Kh7 40. Qg2 g6 41. Nc1 Rd2 42. Qf3 Qf5 43. Bg3 Bd6 44. Qe3 Qd5+ 0-1

[Event "GrandPrix_30.05"]
[Site "Chess.com"]
[Date "2020.05.30"]
[Round "1"]
[White "TheNextLevelFan"]
[Black "sahidi"]
[Result "1-0"]
[WhiteElo "2598"]
[BlackElo "2157"]
[TimeControl "600+2"]
[EndTime "8:20:13 PDT"]
[Termination "TheNextLevelFan won by checkmate"]

1. d4 Nf6 2. c4 e6 3. Nf3 d5 4. g3 Be7 5. Bg2 O-O 6. O-O dxc4 7. Qc2 a6 8. a4 Nbd7 9. Qxc4 c5 10. Rd1 b5 11. Qc2 Bb7 12. Bg5 Qb6 13. Nc3 b4 14. a5 Qa7 15. Na4 Rac8 16. Bxf6 Bxf6 17. dxc5 Nxc5 18. Nb6 Rc7 19. Rac1 Be4 20. Qd2 Nb3 21. Rxc7 Qxc7 22. Qxb4 Bxf3 23. Bxf3 Qc2 24. e3 Qxb2 25. Nd7 Re8 26. Nxf6+ gxf6 27. Bc6 Qc2 28. Qg4+ Kf8 29. Bxe8 Kxe8 30. Qa4+ Kf8 31. Qb4+ Kg7 32. Qg4+ Qg6 33. Qxg6+ hxg6 34. Rd6 Nxa5 35. Rxa6 Nc4 36. h4 f5 37.
Kg2 Ne5 38. f3 Nd7 39. Ra7 Nf6 40. Kf2 Nh5 41. g4 fxg4 42. fxg4 Nf6 43. Kf3 Nd5 44. e4 Nf6 45. Kf4 Kg8 46. g5 Nh5+ 47. Ke5 Kf8 48.
Kd6 Ng3 49. Ra4 Ne2 50. Ra8+ Kg7 51. Ke7 Ng3 52. Rf8 Nxe4 53. Rxf7+ Kg8 54. Rf6 Kg7 55. Rxe6 Ng3 56. Ke8 Nf5 57. Re7+ Kg8 58. Re6 Kg7 59. Ra6 Nxh4 60. Ra7+ Kg8 61. Ke7 Kh7 62. Kf6+ Kh8 63. Ra4 Nf3 64. Kxg6 Ne5+ 65. Kf6 Nd7+ 66. Ke7 Ne5 67. Ke6 Ng6 68. Kf6 Nf8 69. Ra8 Kh7 70. Ra7+ Kh8 71. g6 Kg8 72. Ra8 Kh8 73. Rxf8# 1-0

[Event "GrandPrix_30.05"]
[Site "Chess.com"]
[Date "2020.05.30"]
[Round "1"]
[White "SantoBlue"]
[Black "Ave_Mariia"]
[Result "1-0"]
[WhiteElo "2563"]
[BlackElo "2161"]
[TimeControl "600+2"]
[EndTime "8:20:16 PDT"]
[Termination "SantoBlue won by resignation"]

1. Nf3 Nf6 2. g3 e6 3. c4 d5 4. Bg2 Be7 5. b3 O-O 6. Bb2 c6 7. O-O b6 8. d3 Bb7 9. Nbd2 Nbd7 10. Qc2 Qc7 11. e4 dxe4 12. dxe4 c5 13. e5 Ng4 14.
Rfe1 Rfd8 15. h3 Nh6 16. g4 Nf8 17. Ne4 Ng6 18. Re3 Nf4 19. Bf1 Rd7 20. Nfg5 g6 21.
Rae1 Rad8 22. Nf3 Kh8 23. Nd6 Kg8 24. Qc3 g5 25. Nd2 Qc6 26. N2e4 Ba8 27. f3 Kg7 28. Ng3 Ng8 29. Bd3 f6 30. Be4 Qc7 31. Bxa8 Rxa8 32. Nge4 Bxd6 33. exd6 Qc6 34. Nxf6 Rf7 35. Nxg8+ 1-0